 Dungeon Crawl Stone Soup version 0.31-a0-986-g5e6e4ef867 (webtiles) character file.

Game seed: 9934030886895713724

223 FakeRyeBread the Covered (level 6, -2/38 HPs)
             Began as a Gargoyle Fighter on Nov 5, 2023.
             Slain by Pikel
             ... wielding a +0 whip of flaming
              (4 damage)
             ... on level 4 of the Dungeon.
             The game lasted 00:10:58 (3358 turns).

FakeRyeBread the Covered (Gargoyle Fighter)         Turns: 3358, Time: 00:10:58

Health: -2/38      AC: 17    Str: 22    XL:     6   Next: 0%
Magic:  6/6        EV:  8    Int:  8    God:
Gold:   148        SH:  4    Dex:  9    Spells: 5/5 levels left

rFire   + . .        b - +2 whip (elec)
rCold   + . .        c - +0 buckler
rNeg    + . .        e - +0 chain mail
rPois   ∞            (no helmet)
rElec   +            (no cloak)
rCorr   .            n - +0 pair of gloves
SInv    .            l - +1 pair of boots
Will    .....        (no amulet) Stlth
                     a - ring of protection from fire
HPRegen 0.26/turn    i - ring of protection from cold
MPRegen 0.10/turn

%: no passive effects
@: no status effects
A: sickness immunity, AC +4, negative energy resistance 1, electricity
resistance, torment resistance 1, petrification resistance
a: no special abilities


You were on level 4 of the Dungeon.
You visited 1 branch of the dungeon, and saw 4 of its levels.

You collected 210 gold pieces.
You spent 62 gold pieces at shops.

Inventory:

Hand Weapons
 b - a +2 whip of electrocution (weapon)
 k - the +8 whip of a sewer {venom, rPois Str-3 SInv Stlth+}
   (You found it on level 2 of the Dungeon)

   Str-3:     It affects your strength (-3).
   rPois:     It protects you from poison SInv: It lets you see invisible.
   Stlth+:    It makes you more stealthy.
Missiles
 m - 7 boomerangs
Armour
 c - a +0 buckler (worn)
 e - a +0 chain mail (worn)
 l - a +1 pair of boots (worn)
 n - a +0 pair of gloves (worn)
Jewellery
 a - a ring of protection from fire (left hand)
 i - a ring of protection from cold (right hand)
Scrolls
 g - 2 scrolls of amnesia
 j - a scroll of brand weapon
 t - a scroll of enchant armour
Potions
 d - a potion of might
 f - 2 potions of degeneration {unknown}
 h - a potion of haste {unknown}
 o - a potion of lignification
 p - 3 potions of brilliance
 q - a potion of ambrosia {unknown}
 r - 2 potions of berserk rage
 s - 2 potions of curing


   Skills:
 + Level 4.2 Fighting
 * Level 4.1 Maces & Flails
 + Level 4.3 Armour
 + Level 4.3 Shields


You had 5 spell levels left.
You didn't know any spells.
Your spell library contained the following spells:

 Spells                   Type           Power      Damage    Failure   Level
 Apportation              Tloc           0%         N/A       97%         1
 Magic Dart               Conj           0%         1d3       97%         1
 Necrotise                Necr           0%         1d4       97%         1
 Summon Small Mammal      Summ           0%         N/A       97%         1
 Call Imp                 Summ           0%         N/A       99%         2
 Call Canine Familiar     Summ           0%         N/A       100%        3
 Mephitic Cloud           Conj/Pois/Air  0%         N/A       100%        3
 Sigil of Binding         Hex            0%         N/A       100%        3
 Dimensional Bullseye     Hex/Tloc       0%         N/A       100%        4
 Leda's Liquefaction      Hex/Erth       0%         N/A       100%        4


Dungeon Overview and Level Annotations

Branches:
Dungeon (4/15)
 Temple: D:4-7

Altars:

Shops:
D:2 *

Annotations:
D:4 Pikel


Innate Abilities, Weirdness & Mutations

You are immune to sickness and miasma.
Your stone body is resilient. (AC +4)
You are immune to poison.
You resist negative energy. (rN+)
You are resistant to electric shocks. (rElec)
You are resistant to unholy torment.
You are immune to petrification.


Message History

You completely miss the lemure. The lemure barely misses you.
You hit the lemure but do no damage. The lemure barely misses you.
You closely miss the lemure. The lemure hits you but does no damage.
You barely miss the lemure. You closely miss the lemure.
The lemure hits you but does no damage.
You barely miss the lemure. The lemure closely misses you.
You hit the lemure. Lightning courses through the lemure!
The lemure is severely wounded.
You block the lemure's attack.
You hit the lemure.
The lemure is almost dead.
The lemure hits you.
You hit the lemure.
You kill the lemure!
That felt strangely unrewarding.
An endoplasm comes into view.
The endoplasm quivers.
The endoplasm freezes you.
You are frozen.
You resist.
You hit the endoplasm.
You kill the endoplasm!
You have reached level 6!
Found 15 gold pieces and a sling.
Pikel shouts!
You hit Pikel.
Pikel is lightly wounded.
Pikel hits you but does no damage.
You hit Pikel.
Pikel is lightly wounded.
Pikel zaps a wand.
Your mind is blasted!
You hit Pikel but do no damage.
Pikel is lightly wounded.
Pikel zaps a wand.
Your mind is blasted!
Ouch! That really hurt!
* * * LOW HITPOINT WARNING * * *
You closely miss Pikel.
Pikel is lightly wounded.
Pikel hits you with a +0 whip of flaming.
You die...
Pikel says, "See you in Hell!"

.......##.#
.†#######.# .##
###†########## .#
#............# ##
#............#
#............####.
########..........
###..........
#....@.......
≈§.......K......
≈.§.............
.≈§§≈...........
§≈≈≈§#..........
#§§###.$.....)..
## #.....#####
#######


You could see Pikel.

Vanquished Creatures
  4 lemures
  A sleepcap (D:4)
  5 adders
  3 gnolls (D:4)
  2 worms
  2 dart slugs
  15 orcs
  9 endoplasms
  4 giant cockroaches
  11 goblins
  8 hobgoblins
  2 jackals (D:1)
  3 quokkas
  8 ball pythons
  5 bats
  3 frilled lizards
  9 kobolds
  3 rats
97 creatures vanquished.

Notes
Turn   | Place    | Note
-------+----------+-------------------------------------------
     0 | D:1      | FakeRyeBread the Gargoyle Fighter began the quest for the
                  | Orb.
     0 | D:1      | Reached XP level 1. HP: 14/14 MP: 1/1
    76 | D:1      | Reached XP level 2. HP: 18/19 MP: 2/2
   694 | D:1      | Reached XP level 3. HP: 23/23 MP: 3/3
  1183 | D:2      | Identified the +8 whip of a sewer {venom, rPois Str-3 SInv
                  | Stlth+}
  1499 | D:2      | Reached XP level 4. HP: 29/29 MP: 4/4
  1549 | D:2      | Found Uclydoaw's Assorted Antiques.
  1557 | D:2      | Bought a puce potion for 15 gold pieces
  1557 | D:2      | Bought a scroll labelled ITONI XIKYA for 17 gold pieces
  1557 | D:2      | Bought a glowing ruby potion for 15 gold pieces
  1557 | D:2      | Bought a viscous blue potion for 15 gold pieces
  1969 | D:3      | Found a faded altar of an unknown god.
  2423 | D:3      | Reached XP level 5. HP: 33/33 MP: 5/5
  3182 | D:4      | Noticed a lemure
  3182 | D:4      | Noticed a lemure
  3183 | D:4      | Noticed a lemure
  3185 | D:4      | Noticed Pikel
  3220 | D:3      | Killed a lemure
  3273 | D:3      | Killed a lemure
  3312 | D:4      | Killed a lemure
  3333 | D:4      | Noticed a lemure
  3348 | D:4      | Killed a lemure
  3352 | D:4      | Reached XP level 6. HP: 38/38 MP: 6/6
  3358 | D:4      | Slain by Pikel

Illustrated notes

Levels and vault maps discovered:
D:1:      lightli_arrival_statuegarden, layout_basic, serial_curves,
          eino_curves_04, eino_curves_01, serial_bayou_lagoon_a,
          minmay_crystal_room
D:2:      layout_loops_cross, serial_shops, nicolae_shop_hallway_stairs,
          kennysheep_generic_room_15
D:3:      layout_basic, hellmonk_ecumenical_altar_slurped_away
D:4:      layout_basic, minmay_temple_entry_fiery, nicolae_zig_zag_zippers,
          uniq_pikel

Skill      XL: |  1  2  3  4  5 |
---------------+----------------+-----
Maces & Flails | 3 4 |  4.1
Shields        | 4 |  4.3
Fighting       | 4 |  4.2
Armour         | 4 |  4.3

Action                     |  1- 3 |  4- 6 || total
---------------------------+-------+-------++-------
  Melee: Flail             |    31 |       ||    31
         Whip              |    93 |   204 ||   297
    Use: Scroll            |       |     8 ||     8
         Potion            |       |     1 ||     1
 Armour: Scale mail        |     7 |       ||     7
         Chain mail        |    76 |   115 ||   191
  Dodge: Dodged            |    41 |    73 ||   114
  Block: Buckler           |    20 |    30 ||    50

Table legend: (Time is in decaauts)
 A = Elapsed time spent in this place.
 B = Non-inter-level travel time spent in this place.
 C = Inter-level travel time spent in this place.
 D = Time resting spent in this place.
 E = Time spent auto-exploring this place.
 F = Levels seen in this place.
 G = Mean time per level.
                   A        B        C        D        E       F      G
               +--------+--------+--------+--------+--------+-----+--------+
         Total |   3364 |   3117 |    247 |    158 |   2148 |   4 |  841.0 |
       Dungeon |   3364 |   3117 |    247 |    158 |   2148 |   4 |  841.0 |
               +--------+--------+--------+--------+--------+-----+--------+

Top non-repeatable levels by time:
     D:1: 1155 daAuts
     D:3: 953 daAuts
     D:2: 782 daAuts
     D:4: 472 daAuts
